 Dungeon Crawl Stone Soup version 0.23.2 (webtiles) character file.

Game seed: 10205546425052774365

961 Borgoz the Cutter (level 8, 0/66 HPs)
             Began as a Ghoul Gladiator on Apr 3, 2019.
             Slain by a slave (3 damage)
             ... led by Pikel
             ... while paralysed by Pikel
             ... on level 6 of the Dungeon.
             The game lasted 00:06:15 (4478 turns).

Borgoz the Cutter (Ghoul Gladiator)                 Turns: 4478, Time: 00:06:17

Health: 0/66       AC:  9    Str: 18    XL:     8   Next: 15%
Magic:  7/7        EV:  2    Int:  7    God:
Gold:   170        SH:  0    Dex: 12    Spells: 7/7 levels left

rFire    x . .     SeeInvis .   D - +8 dagger "Beetlebane" {flame, +Rage rF- Int+4}
rCold    + + .     Gourm    .   (no shield)
rNeg     + + +     Faith    .   b - +0 leather armour
rPois    ∞         Spirit   .   n - +0 helmet
rElec    .         Reflect  .   i - +0 cloak
rCorr    .         Harm     .   (no gloves)
MR       .....                  s - +2 pair of boots
Stlth    ++........             k - amulet of the acrobat
HPRegen  0.00/turn              w - ring of protection from cold
MPRegen  0.10/turn              (no ring)

@: paralysed, rotting
A: rotting body, claws 1, carnivore, cold resistance 1, negative energy
resistance 3, inhibited regeneration, torment resistance, unbreathing
a: no special abilities


You were on level 6 of the Dungeon.
You were not hungry.

You visited 1 branch of the dungeon, and saw 6 of its levels.

You collected 170 gold pieces.

Inventory:

Hand Weapons
 a - a +0 rapier
 l - a +4 dagger of protection
 D - the +8 dagger "Beetlebane" (weapon) {flame, +Rage rF- Int+4}
   (You found it on level 6 of the Dungeon)

   It has been specially enchanted to burn those struck by it, causing extra
   injury to most foes and up to half again as much damage against particularly
   susceptible opponents.
   It affects your intelligence (+4).
   It makes you vulnerable to fire.
   It lets you go berserk.
Missiles
 d - 3 throwing nets (quivered)
 x - 2 tomahawks of returning
Armour
 b - a +0 leather armour (worn)
 i - a +0 cloak (worn)
 n - a +0 helmet (worn)
 s - a +2 pair of boots (worn)
Jewellery
 k - an amulet of the acrobat (around neck)
 w - a ring of protection from cold (left claw)
Wands
 g - a wand of acid (4)
 y - a wand of paralysis (3)
 z - a wand of polymorph (7)
 A - a wand of flame (45)
 E - a wand of iceblast (7)
Scrolls
 c - 4 scrolls of amnesia {unknown}
 h - 2 scrolls of teleportation {unknown}
 j - 3 scrolls of remove curse {unknown}
 m - 4 scrolls of identify {unknown}
 q - 3 scrolls of magic mapping {unknown}
 B - a scroll of fog {unknown}
 C - a scroll of fear {unknown}
 F - a scroll of immolation {unknown}
Potions
 e - a potion of berserk rage
 o - a potion of agility {unknown}
 p - 2 potions of heal wounds {unknown}
 r - 2 potions of ambrosia {unknown}
 u - a potion of degeneration {unknown}
 v - 2 potions of flight {unknown}
Comestibles
 f - 5 rations
 t - 3 chunks of flesh


   Skills:
 + Level 4.1 Fighting
 * Level 5.0 Short Blades
 - Level 1.7 Throwing
 * Level 3.8 Armour
 * Level 4.9 Dodging
 + Level 3.4 Stealth


You had 7 spell levels left.
You didn't know any spells.
Your spell library contained the following spells:

 Spells                   Type           Power        Failure   Level  Hunger
 Corona                   Hex            #......      50%         1    ##.....
 Ensorcelled Hibernation  Hex/Ice        #.....       63%         2    ###....
 Confuse                  Hex            #.......     86%         3    ####...
 Dazzling Spray           Conj/Hex       #.....       86%         3    ####...
 Tukima's Dance           Hex            #.......     86%         3    ####...


Dungeon Overview and Level Annotations

Branches:
Dungeon (6/15)
 Temple: D:4-7

Altars:
Kikubaaqudgha
Nemelex Xobeh
Ru
Uskayaw

Shops:
D:5 (

Annotations:
D:6 Pikel


Innate Abilities, Weirdness & Mutations

Your body is rotting away.
You thrive on raw meat.
You are immune to poison.
You have sharp fingernails.
You are carnivorous and can eat meat at any time.
Your flesh is cold resistant. (rC+)
You are immune to negative energy. (rN+++)
You do not regenerate when monsters are visible.
You are immune to unholy pain and torment.
You can survive without breathing.


Message History

The jackal skeleton bites you but does no damage.
The hound skeleton bites you but does no damage.
The slave hits you. x2
Pikel hits you with a +0 whip of freezing.
* * * LOW HITPOINT WARNING * * *
The jackal skeleton bites you but does no damage.
The slave hits you but does no damage.
The hound skeleton bites you but does no damage.
The slave hits you.
* * * LOW HITPOINT WARNING * * *
The slave hits you but does no damage.
The jackal skeleton bites you but does no damage.
Pikel hits you but does no damage.
The hound skeleton bites you but does no damage.
The slave barely misses you.
The jackal skeleton bites you but does no damage.
The slave hits you!
* * * LOW HITPOINT WARNING * * *
The slave hits you.
You die...

.. ...# .# . ###. ...
..# ..#... ..##..#
......##.......
#..............
....#..p.......
......KZp...#
......Z@p...#
##.........p.?...#
##.....##.........#
##....## ##....#....#
##......# #....###...#
#.......#####...# ....
#.........# #..>##....#
#.........###........##
##.........##..#.....##


You could see Pikel, 4 slaves, a jackal skeleton and a hound skeleton.

Vanquished Creatures
  A phantom (D:5)
  2 ogres
  A scorpion (D:5)
  A howler monkey (D:6)
  2 crimson imps
  4 orc wizards
  3 orc priests
  A hound (D:6)
  A bullfrog skeleton (D:4)
  3 worker ants
  An iguana (D:4)
  A howler monkey zombie (D:5)
  8 adders
  A shadow imp (D:5)
  3 dart slugs
  3 leopard geckos
  12 orcs
  2 ball pythons
  8 bats
  4 giant cockroaches
  8 goblins
  5 hobgoblins
  11 jackals (D:2)
  2 quokkas
  4 frilled lizards
  9 kobolds
  5 rats
106 creatures vanquished.

Notes
Turn   | Place    | Note
-------+----------+-------------------------------------------
     0 | D:1      | Borgoz the Ghoul Gladiator began the quest for the Orb.
     0 | D:1      | Reached XP level 1. HP: 17/17 MP: 0/0
   212 | D:1      | Reached XP level 2. HP: 24/24 MP: 1/1
   537 | D:2      | HP: 1/25 [bat (1)]
   561 | D:2      | Reached skill level 1 in Armour
   597 | D:2      | Reached skill level 3 in Short Blades
   597 | D:2      | Reached skill level 1 in Stealth
   597 | D:2      | Reached XP level 3. HP: 21/30 MP: 2/2
   788 | D:2      | Found a sparkling altar of Nemelex Xobeh.
   808 | D:2      | Reached XP level 4. HP: 36/36 MP: 3/3
  1815 | D:3      | Reached XP level 5. HP: 44/44 MP: 4/4
  2274 | D:4      | Reached XP level 6. HP: 51/51 MP: 5/5
  2554 | D:4      | Found a sacrificial altar of Ru.
  2694 | D:4      | Found a hide-covered altar of Uskayaw.
  2774 | D:5      | Entered Level 5 of the Dungeon
  2887 | D:5      | Reached skill level 4 in Short Blades
  3053 | D:5      | Found an ancient bone altar of Kikubaaqudgha.
  3219 | D:5      | Noticed a phantom
  3285 | D:5      | Killed a phantom
  3285 | D:5      | Reached XP level 7. HP: 50/57 MP: 6/6
  3295 | D:5      | Found Hulua's Weapon Shop.
  4090 | D:6      | Got an ichor-stained dagger
  4091 | D:6      | Identified the +8 dagger "Beetlebane" {flame, +Rage rF-
                  | Int+4} (You found it on level 6 of the Dungeon)
  4166 | D:6      | Reached XP level 8. HP: 14/66 MP: 7/7
  4416 | D:6      | Reached skill level 5 in Short Blades
  4458 | D:6      | Noticed Pikel
  4474 | D:6      | Paralysed by Pikel for 6 turns
  4478 | D:6      | HP: 3/66 [slave[Pikel] (9)]
  4478 | D:6      | Slain by a slave

Skill      XL: |  1  2  3  4  5  6  7  8 |
---------------+-------------------------+-----
Armour         | 1 2 3 |  3.8
Short Blades   | 3 4 5 |  5.0
Dodging        | 3 4 |  4.9
Stealth        | 1 2 3 |  3.4
Fighting       | 3 4 |  4.1
Throwing       | |  1.7

Action                   |  1- 3 |  4- 6 |  7- 9 || total
-------------------------+-------+-------+-------++-------
Melee: Rapier            |    94 |       |       ||    94
       Dagger            |    37 |   274 |    90 ||   401
Evoke: Wand              |       |       |     1 ||     1
  Use: Potion            |       |     2 |     2 ||     4
 Stab: Sleeping          |       |     3 |     2 ||     5
  Eat: Chunk             |    10 |    10 |     3 ||    23
Armor: Leather armour    |    60 |    81 |    39 ||   180
Dodge: Dodged            |   124 |   162 |    75 ||   361
